[Event "44th Chess Olympiad Open 2022"]
[Site "Chennai"]
[Date "2022.07.29"]
[Round "1.1"]
[White "Vidit, Santosh Gujrathi"]
[Black "Makoto, Rodwell"]
[Result "1-0"]
[WhiteElo "2714"]
[BlackElo "2346"]
[Annotator "TA"]
[PlyCount "97"]
[EventDate "2022.??.??"]
[TimeControl "60"]

1. Nf3 Nf6 2. c4 g6 3. Nc3 Bg7 4. e4 d6 5. d4 O-O 6. Be2 e5 7. O-O Nc6 8. d5 Ne7 9. b4 a5 10. bxa5 Rxa5 11. a4 Nd7 {[%emt 0:00:
00] 11...Ne8 is the fancy move.} 12. Nd2 {[%emt 0:01:06] E97: King's Indian:
Classical Main Line (6...e5 7 0-0 Nc6): 8 Be3 and 8 d5 Ne7, not 9 Ne1.} Nc5 13. Nb3 Nxb3 14. Qxb3 {
[%emt 0:00:04] White is slightly better.} f5 15. f3 Kh8 {[%emt 0:06:49] [#]} 16. Ba3 $146 ({
Predecessor:} 16. Bd2 Ng8 17. Nb5 Ra8 18. c5 dxc5 19. Bc3 Bd7 20. Qb2 Bxb5 21.
Bxb5 Qd6 22. exf5 gxf5 {1-0 (30) Kostelny,J-Nemec,A Slovakia 1998}) 16... c5 {
[%emt 0:13:54] Prevents Bb4.} 17. dxc6 Nxc6 18. Bd3 Bh6 19. Kh1 Be3 20. Nb5 Bc5 21. Rad1 {[%emt 0:02:16] Black should prevent exf5.} Nd4 22. Nxd4 exd4 23. Bc2 fxe4 24. Bxe4 Qe8 (24... Bf5 $14)
25. Bb2 $16 {[%emt 0:05:28] [#] Strongly threatening Bd5. White is more active.
} Qxa4 26. Qd3 ({Don't play} 26. Bxd4+ Bxd4
27. Qxa4 Rxa4 $11) 26... Qe8 ({Black should play} 26... Be6)
27. Rfe1 {[%emt 0:08:16] Threatens to win with Qd2.} ({Resist} 27. Bxd4+ Bxd4
28. Qxd4+ Qe5 $16) 27... Qf7 28. Bxd4+ Bxd4 29. Qxd4+ Qf6 30. Qxd6 Qxd6 31. Rxd6 Rc5 32. Bd3 Kg7 33. Kg1 Rf6 34. Re7+ Rf7 35. Rxf7+ Kxf7 {[%emt 0:00:01] Endgame KRB-KRB} 36. Rb6 Rc7 {[%emt 0:02:02] [#]} (36... Rc6 $142 37. Rb4 Rd6) 37. Kf2 $1 Bd7 (37... Be6 $16 38. Rb4 Bd7) 38. Ke3 $18 Bc6 39. h4 Kf6 $2 (39... Rc8 40. Be4 Bxe4) 40. Be4 g5 41. h5 Ke5 (41... g4 $142 42. fxg4
Kg5) 42. Bxc6 {[%emt 0:02:08] White is clearly winning.} bxc6 {[%emt 0:00:02]
KR-KR} 43. Ra6 c5 44. Ra5 Kf5 45. g4+ Ke5 46. Ra8 Re7 47. Rd8 Kf6+ 48. Kd3 Re1 49. Rf8+ {[%emt 0:00:34]
Weighted Error Value: White=0.05 (flawless) /Black=0.22 (precise)} 1-0

[Event "44th Chess Olympiad Open 2022"]
[Site "Chennai"]
[Date "2022.07.29"]
[Round "1.1"]
[White "Narayanan.S.L"]
[Black "Mushore, Emarald Takudzwa"]
[Result "1-0"]
[WhiteElo "2659"]
[BlackElo "2153"]
[Annotator "TA"]
[PlyCount "65"]
[EventDate "2022.??.??"]
[TimeControl "60"]

1. c4 Nf6 2. Nc3 e6 3. e4 d6 4. d4 Nbd7 5. Nf3 e5 6. Be2 {[%emt 0:00:50] A18: English
Opening: Flohr-Mikenas System (1 c4 Nf6 2 Nc3 e6 3 e4).} c6 7.
O-O Be7 8. Qc2 {[%emt 0:05:07] White is
better.} O-O 9. Rd1 Qc7 10.
h3 Re8 11. Be3 Bf8 12. d5 {[%emt 0:00:56] [#]} a5 $146 ({Predecessor:} 
12... Nb6 13. Rac1 Bd7 14. Nd2 Rac8 15. b4 cxd5 16. cxd5 Na4 17. Ndb1 b5 18.
Qd2 Nxc3 19. Nxc3 {1-0 (60) Kollars,D (2564)-Zhang,D (1966) Chess.com INT 2019}
) 13. a3 {[%emt 0:00:42][%cal Ya2a3,Ya3b4] 0x0.0019891f3abbdp-1022s more
active pieces. The black rooks are badly placed.} Nc5 14. b4 axb4 15. axb4 {[%emt 0:00:07] [#] Discovered
Attack} Rxa1 16. Rxa1 Na6 17. Qb2 c5 18. bxc5 Nxc5 19. Nd2 Bd7 20. Bxc5 dxc5 21. Bd1 Rb8 22. Ba4 Ra8 23. Bxd7 Rxa1+ 24. Qxa1 {[%emt 0:00:07] Threatens to win with Bb5.}
Nxd7 25. Qa8 Qb8 26. Qa4 Qd8 27. Qb5 Qc7 28. Nb3 g6 29. Na5 b6 (29... Nb6 $16 {keeps fighting.} 30. g3 Kg7) 30. Nc6 $18 {
[%emt 0:00:37] White is clearly better.} Qb7 {[%emt 0:03:36] [#]} 31. Qa4 $1 {
[%emt 0:00:52] Prevents Qa8.} Kg7 32. Nb5 Kg8 33. Qa1 {[%emt 0:01:09] Weighted Error Value: White=0.03 
(flawless) /Black=0.09 (flawless)} 1-0

[Event "44th Chess Olympiad Open 2022"]
[Site "Chennai"]
[Date "2022.07.29"]
[Round "1.1"]
[White "Masango, Spencer"]
[Black "Erigaisi Arjun"]
[Result "0-1"]
[WhiteElo "2170"]
[BlackElo "2689"]
[Annotator "TA"]
[PlyCount "75"]
[EventDate "2022.??.??"]
[TimeControl "60"]

1. Nf3 d5 2. d4 Nf6 3. c4 e6 4. g3 Bb4+ 5. Bd2 a5 6. Bg2 O-O 7. O-O
{[%emt 0:00:15] 7.Qc2 is the fancy move.} dxc4 {[%emt 0:00:37] E11:
Bogo-Indian.} 8. Qc2 Bxd2 9. Nbxd2 b5 $1 {[%emt 0:00:23] The position is equal.} 10. a4 c6 11. e4 Na6 12. b3 Nb4 13. Qc3 cxb3 14. Qxb3 Ba6 {[%emt 0:04:10] Strongly threatening ...
bxa4.} 15. Rfc1 bxa4 16. Rxa4 Bb5 {[%emt 0:00:35] [#]} 17. Raa1 $146 ({Predecessor:} 17.
Ra3 e5 18. dxe5 Nd3 19. Rc3 Nxe5 20. Nxe5 Qxd2 21. Nf3 Qd7 22. Ne5 Qd4 23. Nxc6
Bxc6 24. Rxc6 {½-½ (46) Nepomniachtchi,I (2784)-Carlsen,M (2863) chess24.com
INT 2020}) 17... Qe7 18. Ne5 Rfd8 19. Qe3 Qd6 20. Ndf3 Nd7 {[%emt 0:01:06][%cal Yf6d7,Yd7b8,Yb8a6] Hoping
for ...Nxe5.} 21. Nc4 Qc7 22. Qc3 Bxc4 23. Qxc4 Qb6 24. Ne1 (24. Ra3 $11 {remains equal.}) 24...
Nb8 25. Rd1 N8a6 26. d5 (26. Nf3 $15) 26... cxd5 $17 27. exd5 Rac8 28. Qg4 f5 ({Black should play} 28... Nxd5 $17 {White must now prevent ...Nab4.} 29.
Bxd5 exd5 30. Rxd5 Nc5) 29. Qg5 Nxd5 (29...
h6 $5 30. Qg6 Rd6 $17) 30. Bxd5 exd5 31. Nd3 Rf8 ({Better is} 31... Nc5
$17 32. Qxf5 Ne4) 32. Nf4 (32. Qe7 $11) 32... Rc2 33. Rf1 Nb4 34. Nh5 $2 {[%emt 0:00:33] 
[#] White does not recover from this.} (34. Qe7 $15 Ra8 35. Qd7 (35. Ne6 Qa7
$17)) 34... Rc7 {[%emt 0:04:33] Black is clearly better.} 35. Rac1 (35. Nf4 {might work better.}) 35... h6 36. Qf4 Rxc1 37. Qxc1 Kh7 38. Qb2 {[%emt 0:00:00] Weighted Error Value: White=0.30/Black=0.15 (very
precise)} 0-1

[Event "44th Chess Olympiad Open 2022"]
[Site "Chennai"]
[Date "2022.07.29"]
[Round "1.1"]
[White "Zhemba, Jemusse"]
[Black "Sasikiran, Krishnan"]
[Result "0-1"]
[WhiteElo "2162"]
[BlackElo "2638"]
[Annotator "ChessBase"]
[PlyCount "78"]
[EventDate "2022.??.??"]
[TimeControl "60"]

1. e4 c5 2. Nf3 d6 3. d4 cxd4 4. Nxd4 Nf6 5. Nc3 Nc6 6. Bg5 e6 7. Qd2 a6 8. O-O-O Be7 9. Nb3 b5 10. Qe1 b4 11. Nb1 O-O 12. f3 a5 13.
Nd4 Nxd4 14. Rxd4 e5 15. Rd2 Qc7 16. c4 Nxe4 17. Qxe4 Bxg5 18. Qxa8 Bf5 19. Qd5 Be6 20. Qd3 d5 21. Kd1 Bxd2 22. Nxd2 dxc4 23. Qc2 Rc8 24. g4 h6 25. Ke1 c3 26. Ne4 cxb2 27. Qxb2 Qb6 28. Be2 Qe3 29. Nf2 Rc1+ 30. Nd1 b3 31. a3 Qf4 32. Qd2 Qxd2+ 33. Kxd2 b2 34. Bd3 b1=Q 35. Bxb1 Rxb1 36. Re1 f6 37. Kc2 Ra1 38. Re3 a4 39. Nb2 Bb3+ 0-1

[Event "44th Chess Olympiad Open 2022"]
[Site "Chennai"]
[Date "2022.07.29"]
[Round "1.2"]
[White "So, Wesley"]
[Black "Miguel, Sergio"]
[Result "1-0"]
[WhiteElo "2773"]
[BlackElo "2274"]
[Annotator "TA"]
[PlyCount "83"]
[EventDate "2022.??.??"]
[TimeControl "60"]

1. d4 Nf6 2. c4 e6 3. Nc3 Bb4 4. e3 O-O 5. Bd3 d5 6. cxd5 exd5 7. a3 Bxc3+ 8. bxc3 b6 9. Ne2 Ba6 10. O-O {[%emt 0:
00:00] E49: Nimzo-Indian: Rubinstein: 5 Bd3 d5 6 a3 Bxc3+ 7 bxc3.} Bxd3 11. Qxd3 Qc8 {[%emt 0:01:43] is the legacy
move (11...c5).} 12. f3 {[%emt 0:17:31] White is slightly better.} Qa6 13. Qxa6 Nxa6 {[%emt 0:00:12] [#]} 14. g4 $146 ({Predecessor:} 14. Ng3 Rfe8 15. Re1 c6 16. e4 g6 17. Bg5 Nd7
18. Bf4 Rac8 19. Rac1 Nc7 20. Bxc7 Rxc7 {½-½ (28) Hochstrasser,M (2371)
-Atlas,V (2453) Switzerland 2007}) 14... c5 15. a4 Rfe8 16. Rd1 cxd4 17. cxd4 Nb4 {[%emt 0:01:42] White now steadily converts the
win.} ({Black should try} 17... Rac8 $14) 18. Rb1 $16 a5 (18... Nc6 $142) 19. Bd2 Rac8 20. Rdc1 Rxc1+ 21. Rxc1 h6 22. h4 g6 {[%emt 0:04:30] [#]} (22... Kf8 $16
23. Rb1 Nc2) 23. Rb1 $1 $18 Nc2 24. Kf2 ({Resist} 24. Rxb6 Nxe3 25. Bxe3 (25. Rxf6 Nc4 $16) 25... Rxe3)
24... Re6 {[%emt 0:07:20] [#]} 25. Nf4 $1 Rd6 26. Rc1 Na3 (26... Nb4 $142 27. Bxb4 axb4)
27. Rc8+ Kg7 28. Bc1 Nb1 29. Ke2 g5 30. hxg5 hxg5 31. Nd3 b5 32.
axb5 Rb6 33. Ne5 ({Less
strong is} 33. Rc5 Rxb5 34. Ke1 Rb3 $16) 33... Rxb5 34. Rc7 {
[%emt 0:00:07] Against Rb7} Ne8 35. Rxf7+ Kg8 36. Ra7 {[%emt 0:01:36] And now Ra8 would win.} Nd6 37. Kd1 Nc4 $2 (37... Nc3+ 38. Kc2
Na2) 38. Nxc4 {[%emt 0:00:19] White is clearly winning.} dxc4 39. Kc2 {[%emt 0:00:04] Inhibits Nc3.} c3 40. d5 {[%emt 0:00:
00][%cal Yd4d5,Yd5d6,Yd6d7] Strongly threatening d6.} Nd2 41.
d6 Rd5 42. d7 {[%emt 0:00:16] Weighted Error
Value: White=0.01 (flawless) /Black=0.25 (precise)} 1-0

[Event "44th Chess Olympiad Open 2022"]
[Site "Chennai"]
[Date "2022.07.29"]
[Round "1.2"]
[White "Shankland, Sam"]
[Black "Junior, Domingos"]
[Result "1-0"]
[WhiteElo "2720"]
[BlackElo "2107"]
[Annotator "TA"]
[PlyCount "105"]
[EventDate "2022.??.??"]
[TimeControl "60"]

1. d4 Nf6 2. c4 e6 3. Nf3 b6 4. g3 Bb7 5. Bg2 Be7 6. O-O O-O 7. Re1 d5 8. cxd5 exd5 9. Nc3 Nbd7 10. Bf4 Ne4 11. Rc1 {[%emt 0:06:40][%cal Yf4c7] Black should prevent
Bxc7! E17: Queen's Indian: 4 g3 Bb7 5 Bg2 Be7.} c5 12. dxc5 Ndxc5 13. Be5 {[%emt 0:03:24] The position is
equal.} Nxc3 14. Bxc3 Ne4 15. Bd4 Bb4 16. Rf1 Qe7 17. Qa4 Bc5 18.
e3 Rfd8 19. Rfd1 {[%emt 0:01:47] [#]} a6 $146 ({Predecessor:} 19... a5 20. Ne5 Rac8 21. Bxe4 dxe4 22. Bxc5
Rxd1+ 23. Rxd1 bxc5 24. Qxa5 h5 25. Qc3 Rd8 26. Rxd8+ Qxd8 {1-0 (42) Vukic,M 
(2485)-Janosevic,D (2400) Donji Milanovac 1979}) 20. Ne1 Rac8 21. Nd3 b5 (21... h6 $14) 22. Bxc5 $16 Rxc5 23.
Qa3 Rc7 24. Qxe7 Rxe7 25. Nb4 g6 26.
Rd4 Red7 27. Nd3 f5 28. b4 Kg7 29. h4 Kf6 30. Nc5 Nxc5 31.
Rxc5 ({Don't play} 31. bxc5 Rc7 $11) 31... Ke5 32. Kf1 {[%emt 0:01:27] White is more active.} Rd6 33. Ke2 Bc6 34. Rd2 R8d7 35. Rdc2 Bb7 36. Kd3 Rb6 (36... Re7 $16 {might work better.}) 37. Rc7 $18 Rbd6 38. R2c5 Ba8 (
38... h5 $142 39. Bf3 Ba8) 39. Rc8 (39. h5 $18) 39... Bb7 $16 40. Rb8 Re7 41. Bf3 Rdd7 42. g4 Rc7 (42... f4 $1 $14) 43. Re8 Kd6 ({Black should play} 43... Rxe8 $14 44. Rxc7 Bc8) 44. Rd8+ Red7 $2 {[%emt 0:00:00] [#] Black cannot hold the game after this.} (44...
Rcd7 $16 45. Rg8 Rg7) 45. Rxc7 $1 $18 {[%emt 0:00:00] White is clearly winning.
} Kxc7 46. Rxd7+ Kxd7 {[%emt 0:00:00]
Endgame KB-KB} 47. g5 Kd6 48. Kd4 Ba8 49. h5 Bb7 50. h6 Ke6 51. Bg2 Kd6 52. f4 Bc6 53.
Bf3 {[%emt 0:00:00] Weighted Error Value: White=0.13 (very precise) /Black=0.
20 (precise)} 1-0

[Event "44th Chess Olympiad Open 2022"]
[Site "Chennai"]
[Date "2022.07.29"]
[Round "1.2"]
[White "Silva, David"]
[Black "Aronian, Levon"]
[Result "1/2-1/2"]
[WhiteElo "2315"]
[BlackElo "2775"]
[Annotator "TA"]
[PlyCount "82"]
[EventDate "2022.??.??"]
[TimeControl "60"]

1. e4 c5 2. Nf3 d6 3. Bb5+ Nd7 4. c3 Ngf6 5. Bd3 Ne5 6. Nxe5 {[%emt 0:00:07] B51: Sicilian: Moscow Variation (3
Bb5+) without 3...Bd7.} dxe5 7. Bc2 g6 8. d3 {[%emt 0:02:15] The position is equal.} Bg7 {[%emt 0:00:
00] [#]} 9. Be3 $146 ({Predecessor:} 9. O-O O-O 10. Nd2 Qc7
11. a4 Rd8 12. Qe2 Nh5 13. g3 Bh6 14. Nc4 Bxc1 15. Rfxc1 {0-1 (40) Kuhn,C 
(2240)-Bernadskiy,V (2600) Bassano del Grappa 2021}) 9... b6 10. O-O O-O 11. h3 Ba6 12. Re1 Qd6 13. Na3 Rad8 14. Qf3 Nh5 (14... Bxd3 $2 15. Red1 $18) 15. Rad1 Bb7 16. Bb3 Kh8 17. Qg4 ({Not} 17. Bxf7 $2 e6 18. Rd2 Qc6 $19) 17... Qc6 18.
Bd5 Rxd5 19. exd5 Qxd5 {
[%emt 0:00:03] [#] Threatens to win with ...f5.} 20. f3 Qc6 21. Qc4 Qd6 22. Qa4 Qb8 23. b4 cxb4 24.
Qxb4 Re8 25. c4 Nf6 ({Better is} 25... Bf6) 26. Nb5 Nd7 27. a4 {[%emt 0:02:53] White is much more active.} a5 28. Qb1 Kg8 29. Bf2 Bc6 30. Qb3 Nc5 31. Bxc5 bxc5 32. Qc2 Bd7 33. Rb1 Rc8 34. Qd2 Qb6 35. Rb3 Qd8 36. Reb1 Rb8 37. Qe3 e4 38. Qxe4 ({Inferior is} 38. dxe4 {[#]} Rxb5 $1 39. axb5 (
39. cxb5 $2 {perishes.} Bd4 $19) 39... Bd4 40. Qxd4 cxd4 $17) 38... e6 {
[%emt 0:00:07] Prevents Qd5.} 39. Qf4 {[%emt 0:03:14] And now Nd6 would win.}
Be8 (39... Bf6 $16 40. Kh1 Rb7) 40. Kh1 (40.
Qd6 $18) 40... h5 41. Qd6 Bf8 {[%emt 0:33:30]
Weighted Error Value: White=0.11 (very precise) /Black=0.17 (very precise)}
1/2-1/2

[Event "44th Chess Olympiad Open 2022"]
[Site "Chennai"]
[Date "2022.07.29"]
[Round "1.2"]
[White "Dias, Vanderson"]
[Black "Dominguez Perez, Leinier"]
[Result "0-1"]
[WhiteElo "2139"]
[BlackElo "2754"]
[Annotator "TA"]
[PlyCount "60"]
[EventDate "2022.??.??"]
[TimeControl "60"]

1. e4 c5 2. Nf3 d6 3. d4 cxd4 4. Nxd4 Nf6 5. Nc3 a6 6. Be2 e5 7. Nf3 Be7 8. Bg5 Be6 {
[%emt 0:00:09] B92: Sicilian Najdorf: 6 Be2.} 9. O-O Nbd7 $1 {
[%emt 0:00:12] The main line 9...Nbd7 scores better than 9...0-0.} 10. Qd2 Rc8 $5 {[%emt 0:01:18] Black has an edge. Leaves trodden paths.
} 11. Bxf6 Nxf6 12. h3 O-O {
[%emt 0:08:14] [#]} 13. Bd3 $146 ({Predecessor:} 13. Rfd1 Qb6
14. Rab1 Qc6 15. Bd3 h6 16. Nh4 Bd8 17. Nf5 Bxf5 18. exf5 d5 19. g4 {0-1 (26)
Shim Ng Min,F (1217)-Firnhaber,I (2380) LSS email 2018}) 13... h6 14. Rfe1 Qb6 15. Na4 Qc6 16. b3 b5 17. Nb2 Nd7 18. c4 Nc5 19. cxb5 axb5 20. Rac1 Qa8 21. Bb1 Qa3 22. Nd3 Bd8 $1 23. Qb2 Qxb2 24. Nxb2 Ba5 25. Red1 Bb4 26. Nd3 (26. Rc2 $1 $15) 26... Ba3 $17 {[%emt 0:00:09] Black is more active.} 27. Rc2
$2 {[%emt 0:00:29] [#] White does not recover from this.} (27. Nxc5 $17 {
is the only way for White.} Bxc1 28. Nxe6 fxe6 29. Rxd6) 27... Nxe4 $19 {
[%emt 0:00:19] White must now prevent ...Nc3.} 28. Rxc8 (28.
Ndxe5 $142 Rxc2 29. Bxc2) 28... Rxc8 29. Nd2 Nxd2 30. Rxd2 e4 {[%emt 0:00:05] Weighted
Error Value: White=0.29 (precise) /Black=0.02 (flawless)} 0-1

[Event "44th Chess Olympiad Open 2022"]
[Site "Chennai"]
[Date "2022.07.29"]
[Round "1.3"]
[White "Hammer, Jon Ludvig"]
[Black "El Jawich, Amro"]
[Result "1-0"]
[WhiteElo "2638"]
[BlackElo "2314"]
[Annotator "TA"]
[PlyCount "65"]
[EventDate "2022.??.??"]
[TimeControl "60"]

1. d4 Nf6 2. c4 g6 3. g3 Bg7 4. Bg2 O-O 5. Nc3 d6 6. Nf3 c5 7. O-O Nc6 8. dxc5 dxc5 9. Be3 Be6 10. Ng5 Qxd1 {[%emt 0:06:06] E65:
King's Indian: Fianchetto: 6...c5 7 0-0 without d5 by White.} 11. Rfxd1 Bxc4 12. Bxc5 h6 {[%emt 0:00:
00] The position is equal.} 13. Nf3 Rfd8 {[%emt 0:12:44] [#]}
14. Nd2 $146 ({Predecessor:} 14. Nd4 Nxd4 15. Bxd4 Rd7 16.
Rac1 Rad8 17. Bxa7 Rxd1+ 18. Rxd1 Rxd1+ 19. Nxd1 b5 20. Bc5 {1-0 (57) Trkulja,
G (2395)-Bejtovic,J (2391) Jahorina 2012}) 14... Ba6 15. Bxc6 bxc6 16. Bxe7 Re8 (16... Rdb8 $1 $11) 17. Bxf6 $16 Bxf6 18. e3 Rab8 19. Nb3 Bc4 20. Na5 (20. Rd2 $16) 20... Bxc3 (20... Be6 $11) 21. Nxc4 $14 Bxb2 22.
Rab1 $36 {[%emt 0:00:06] White is more active.} Bg7 23. Kf1 h5 24. h4 c5 25. a3 Bf8 26. Ke2 Kg7 (26... Rxb1 $142 27. Rxb1 Kg7) 27. Rxb8 $16 {[%emt 0:02:31]
White is more active.} Rxb8 {[%emt 0:00:01] Endgame KRB-KRN} 28. Rd7 Rb3 (28... a5 $16 29. Ra7 (29. Nxa5 Rb1 $16) 29... Rb3
) 29. Kd2 Kf6 30. Kc2 ({
Much less strong is} 30. Rxa7 $6 Rb1 31. a4 Ke6 $18) 30... Rb8 31. Rxa7 Ke6 32. Ra6+ Kf5 $2
{[%emt 0:00:48] [#]} (32... Kd5) 33. f3 {[%emt 0:00:00] Weighted Error Value:
White=0.08 (flawless) /Black=0.28 (precise)} 1-0

[Event "44th Chess Olympiad Open 2022"]
[Site "Chennai"]
[Date "2022.07.29"]
[Round "1.3"]
[White "Urkedal, Frode Olav Olsen"]
[Black "Kassis, Antoine"]
[Result "1-0"]
[WhiteElo "2555"]
[BlackElo "2202"]
[Annotator "TA"]
[PlyCount "45"]
[EventDate "2022.??.??"]
[TimeControl "60"]

1. d4 Nf6 2. c4 c5 3. d5 b5 4. cxb5 a6 5. e3 e6 6. Nc3 Bb7 7. e4 axb5 {
[%emt 0:05:06] A57: Benko/Volga Gambit.} 8. Bxb5 exd5 9. exd5 Bd6 {[%emt 0:01:28] White is better.}
10. Nf3 O-O 11. O-O h6 12. Re1 {[%emt 0:00:00] [#]} Qb6 $146 (12... Na6 $16) ({Predecessor:} 12... Na6 13. Bc4 Qb6 14. b3
Rfe8 15. Rxe8+ Rxe8 16. Bb2 Ng4 17. h3 Ne5 18. Na4 Qa5 {1-0 (38) Stal,C (2391)
-Ljubicic,L (2295) ICCF corr 1997}) 13. Nd2 $18 Qc7 14. Nc4 Bxh2+ {[%emt 0:00:28] This costs Black the
game.} (14... Na6 $16 {is a better defense.} 15. g3 (15. Nxd6 Qxd6 16. g3 Nc7
$16) 15... Nb4 16. Nxd6 Qxd6) 15. Kh1 Bd6 16.
Qf3 {[%emt 0:00:00][%cal Yc1h6] aiming for Bxh6!} Ne8 17. Qg4
{[%emt 0:00:00] Threatens to win with Bxh6.} Kh8 (17... Nf6
$142 18. Qf5 Ne8 19. Bxh6 gxh6) 18. Qh4 {[%emt 0:00:00] White is clearly
winning.} Na6 {[%emt 0:01:32] [#]} 19. Bxh6 $1 gxh6 (19... Kg8 20. Qg4) 20. Qxh6+ Kg8 {[%emt 0:00:05] [#]}
21. Rxe8 $1 {[%emt 0:00:00] Remove Defender} Raxe8 22. Nxd6 {
[%emt 0:00:00] Pair of Knights!} Re5 {[%emt 0:00:13] Prevents Qg5+.} 23. Nce4 {
[%emt 0:00:00] Weighted Error Value: White=0.01 (flawless) /Black=0.64} 1-0

[Event "44th Chess Olympiad Open 2022"]
[Site "Chennai"]
[Date "2022.07.29"]
[Round "1.3"]
[White "Khairallah, Faisal"]
[Black "Christiansen, Johan-Sebastian"]
[Result "1/2-1/2"]
[WhiteElo "2239"]
[BlackElo "2593"]
[Annotator "TA"]
[PlyCount "50"]
[EventDate "2022.??.??"]
[TimeControl "60"]

1. e4 e6 2. b3 d5 3. Bb2 dxe4 4. Nc3 Nf6 5. Qe2 Nc6 6.
O-O-O {[%emt 0:03:49] C00: French: Unusual White 2nd moves.} Nd4 7. Qe1 Be7 8. d3 {[%emt 0:14:19] [#]} e5
$146 (8... exd3 $11 9. Bxd3 c6) ({Predecessor:} 8... exd3 9.
Bxd3 Bd7 10. Nce2 c5 11. Nxd4 cxd4 12. Nf3 Bc5 13. Qe5 Qb6 14. Nxd4 O-O {
1-0 (41) Hering,H (2194)-Ginzborsky,L (2196) ICCF email 2013}) 9. dxe4 $14 {
[%emt 0:03:07][%cal Yf2f4] Hoping for f4!} Nd7 (9... O-O $14)
10. f4 Nc6 $2 (10... c6 $16) 11. Nd5 O-O 12. Nf3 exf4 13. Kb1 $2 (13. g3 $18) 13... Re8 $2 (
13... Bd6 $16 {is a better chance.}) 14. Nxf4 $2 (14. g3 $18 {
is the precise move to win.}) 14... Bf6 $16 15. e5 {[%emt 0:
02:34] White is more active.} Bxe5 $2 (15... Ncxe5 $16 {
was necessary.} 16. Qg3 Nxf3 17. Bxf6 Qxf6) 16. Nxe5 $18 Ncxe5 17. Qg3 {[%emt 0:07:48] [#] Prevents Nd3. aiming for Nh5.} ({
Not} 17. Bxe5 Qg5 $11) 17... h6 18. h4 {[%emt 0:02:10]
Against Qg5} Qe7 19. Bc4 {[%emt 0:04:26] And now Nh5 would
win. This bishop pair is nice.} Kh8 20. Rhe1 c6 21. Nd3 f6 22. Nf4 {[%emt 0:00:20] [#] Threatens to win with Bxe5.} Nf8 23. Nd3 Nfd7 24. Nf4 (24. Bxe5 $142 fxe5 25. Nf4) 24... Nf8 25. Nd3 Nfd7 $1 {[%emt 0:00:01] Weighted Error Value: White=0.95/
Black=0.59} 1/2-1/2

[Event "44th Chess Olympiad Open 2022"]
[Site "Chennai"]
[Date "2022.07.29"]
[Round "1.3"]
[White "Kaloust, Giorgio"]
[Black "Tari, Aryan"]
[Result "0-1"]
[WhiteElo "1942"]
[BlackElo "2672"]
[Annotator "TA"]
[PlyCount "60"]
[EventDate "2022.??.??"]
[TimeControl "60"]

1. d4 Nf6 2. c4 e6 3. g3 d5 4. Bg2 dxc4 5. Nf3 Nc6 6. O-O Rb8 7. a4 Na5 {[%emt 0:08:32] E04:
Open Catalan: 5 Nf3.} 8. Nbd2 {[%emt 0:04:59] White has compensation.} b6 $5 {
[%emt 0:08:46] Exploring less charted territory.} 9. Qc2 (9.
Ne5 $5 ) 9... Bb7 {[%emt 0:00:42] The position is equal.} 10. e4
{[%emt 0:11:12] [#]} (10. Nxc4 $2 Be4 11. Qd1 (11. Qc3 $2 Nd5 $19) 11... Nxc4
$19) 10... Be7 $146 ({Predecessor:} 10... Bb4 11. e5 Nd5 12.
Nxc4 Nxc4 13. Qxc4 O-O 14. Bg5 Qd7 15. Rfc1 c5 16. Bd2 Rbc8 {0-1 (31) Pandey,S
(2026)-Grabinsky,V (2219) Chess.com INT 2020}) 11. Rd1 $1 Nb3 12. Ra2 O-O $36 {[%emt 0:02:53] Black fights
for an advantage.} 13. e5 Nd5 14. Qxc4 ({White should play} 14. Nxc4 $15 Nxc1 15. Qxc1) 14... Nxc1 {
[%emt 0:04:24] Black is more active.} (14... Na5 $17 15. Qe2 Qd7) 15. Qxc1 Rc8 16. Nb3 (16. Nc4 $15) 16... c5 17. dxc5 bxc5 18. Nfd2 (18. Ra1 $142) 18... Nb4 (18... c4 $142 19. Nxc4 Ba6) 19. Bxb7 $17 Nxa2 20. Qb1 Rc7 21. Be4 {[%emt 0:
00:10] [#] Threatens to win with Nc4.} Rd7 $1 {[%emt 0:00:47][%cal Yc5c4]
Hoping for ... c4!} 22. Bc6 ({Wrong is} 22. Qxa2 $2 c4 23. Rc1
cxb3 24. Nxb3 Rd1+ 25. Kg2 Rxc1 26. Nxc1 Qd4 $19) ({Much weaker is} 22. Bxh7+
Kh8 23. Bc2 Nb4) 22... Rc7 23. Be4 {[%emt 0:00:07] And now
Nc4 would win.} Nb4 24. Bxh7+ Kh8 {[%emt 0:00:01] ...g6 is the strong threat.} 25. Nc4 Rd7 26. Re1 (26. Rf1 $142)
26... Nd3 27. Rd1 {[%emt 0:00:37] This move loses the game
for White.} (27. Bxd3 $17 Rxd3 28. Nba5) 27... g6 $19 ({
Worse is} 27... Kxh7 28. Nc1 $17) 28. Bxg6 fxg6 29. Nc1 Nxf2 30. Rxd7 {[%emt 0:00:28] 
[#]} Qxd7 {[%emt 0:00:06] Weighted Error Value: White=0.77/Black=0.16 (very
precise)} (30... Qa8 $142 $1 31. Kf1 Qh1+ 32. Ke2 Bg5 33. Ne3 Bxe3 34. Qf5 Rxf5
35. Kxe3 Qxc1+ 36. Ke2 Qc2+ 37. Ke1 Nd3+ 38. Rxd3 Qxd3 39. h4 Rf1#) 0-1